2992 views
Uploaded 2020-02-08 17:29:24
Game version 1.32 / 1.32.1
11:05 long 2on2 ladder game on (4)LostTemple_LV
Saved by iggythefisk
2992 views
Uploaded 2020-02-08 17:29:24
Game version 1.32 / 1.32.1
11:05 long 2on2 ladder game on (4)LostTemple_LV


51 units @ 7.1k
/ 1.2k
23 buildings @ 4k
/ 1.5k


| Rod of Necromancy | 2 | 300 |
| Ritual Dagger | 1 | 125 |
| total: | 3 | 425g |
| Acolyte | 2 | 150 | / | 0 |
| Ghoul | 2 | 240 | / | 0 |
| Crypt Fiend | 10 | 2150 | / | 400 |
| Obsidian Statue | 4 | 800 | / | 140 |
| total: | 18 | 3340g | / | 540w |
| Nerubian Tower | 1 | 100 | / | 20 |
| Crypt | 1 | 200 | / | 50 |
| Ziggurat | 4 | 600 | / | 200 |
| Altar of Darkness | 1 | 180 | / | 50 |
| Graveyard | 1 | 215 | / | 0 |
| Tomb of Relics | 1 | 130 | / | 30 |
| Slaughterhouse | 1 | 140 | / | 135 |
| Halls of the Dead | 1 | 320 | / | 210 |
| Black Citadel | 1 | 325 | / | 230 |
| total: | 9 | 1465g | / | 465w |
| 0:01 | Acolyte |
| 0:05 | Crypt |
| 0:09 | Acolyte |
| 0:14 | Ziggurat |
| 0:20 | Altar of Darkness |
| 0:51 | Graveyard |
| 1:09 | Tomb of Relics |
| 1:11 | Ghoul |
| 1:28 | Ghoul |
| 1:40 | Ziggurat |
| 2:18 | Rod of Necromancy |
| 2:21 | Death Coil |
| 2:24 | Crypt Fiend |
| 2:30 | Creature Attack |
| 2:48 | Nerubian Tower |
| 3:03 | Crypt Fiend |
| 3:30 | Crypt Fiend |
| 3:57 | Halls of the Dead |
| 4:14 | Crypt Fiend |
| 4:32 | Ziggurat |
| 4:33 | Unholy Aura |
| 5:23 | Crypt Fiend |
| 5:52 | Crypt Fiend |
| 5:54 | Ziggurat |
| 6:42 | Death Coil |
| 6:53 | Slaughterhouse |
| 7:00 | Improved Creature Attack |
| 7:03 | Crypt Fiend |
| 7:28 | Rod of Necromancy |
| 7:28 | Ritual Dagger |
| 7:59 | Frost Nova |
| 8:07 | Obsidian Statue |
| 8:07 | Obsidian Statue |
| 8:08 | Crypt Fiend |
| 8:55 | Black Citadel |
| 9:15 | Creature Carapace |
| 10:17 | Burrow |
| 10:33 | Unholy Aura |
| 10:36 | Frost Armor |
| 10:39 | Crypt Fiend |
| 10:40 | Obsidian Statue |
| 11:00 | Crypt Fiend |
| 11:01 | Obsidian Statue |
| Right click | 614 |
| Select group | 320 |
| Assign group | 311 |
| Select | 195 |
| Chat | 89 |
| Build/train/purchase | 46 |
| Misc. action | 28 |
| Use ability | 17 |


| Scroll of Town Portal | 1 | 350 |
| Scroll of Healing | 1 | 250 |
| Staff of Teleportation | 1 | 150 |
| total: | 3 | 750g |
| Wisp | 18 | 1080 | / | 0 |
| Archer | 6 | 780 | / | 60 |
| Dryad | 4 | 580 | / | 240 |
| Druid of the Claw | 5 | 1275 | / | 400 |
| total: | 33 | 3715g | / | 700w |
| Altar of Elders | 1 | 180 | / | 50 |
| Moon Well | 7 | 1260 | / | 280 |
| Ancient of War | 1 | 150 | / | 60 |
| Tree of Life | 1 | 340 | / | 185 |
| Hunter's Hall | 1 | 210 | / | 100 |
| Ancient of Wonders | 1 | 90 | / | 30 |
| Ancient of Lore | 2 | 310 | / | 290 |
| Tree of Ages | 1 | 320 | / | 180 |
| Tree of Eternity | 1 | 330 | / | 200 |
| total: | 14 | 2540g | / | 995w |
| 0:00 | Wisp |
| 0:03 | Altar of Elders |
| 0:10 | Wisp |
| 0:15 | Moon Well |
| 0:19 | Wisp |
| 0:38 | Wisp |
| 0:50 | Ancient of War |
| 0:53 | Wisp |
| 1:09 | Wisp |
| 1:22 | Wisp |
| 1:27 | Moon Well |
| 1:30 | Wisp |
| 1:38 | Wisp |
| 1:51 | Archer |
| 2:03 | Entangling Roots |
| 2:21 | Archer |
| 2:29 | Tree of Ages |
| 2:41 | Archer |
| 3:01 | Archer |
| 3:27 | Tree of Life |
| 3:45 | Moon Well |
| 4:02 | Archer |
| 4:19 | Archer |
| 4:20 | Thorns Aura |
| 4:39 | Hunter's Hall |
| 5:19 | Frost Arrows |
| 5:40 | Wisp |
| 5:40 | Wisp |
| 5:41 | Wisp |
| 5:41 | Wisp |
| 5:41 | Wisp |
| 5:56 | Ancient of Lore |
| 6:14 | Ancient of Lore |
| 6:57 | Wisp |
| 6:58 | Wisp |
| 6:59 | Wisp |
| 6:59 | Wisp |
| 7:08 | Dryad |
| 7:15 | Entangling Roots |
| 7:26 | Tree of Eternity |
| 7:31 | Dryad |
| 7:40 | Dryad |
| 7:54 | Forked Lightning |
| 8:04 | Ancient of Wonders |
| 8:12 | Scroll of Town Portal |
| 8:13 | Scroll of Healing |
| 8:19 | Staff of Teleportation |
| 8:21 | Druid of the Claw Adept Training |
| 8:23 | Druid of the Claw |
| 8:53 | Druid of the Claw |
| 8:57 | Dryad |
| 9:00 | Moon Well |
| 9:00 | Moon Well |
| 9:02 | Moon Well |
| 9:02 | Moon Well |
| 9:05 | Strength of the Wild |
| 9:51 | Druid of the Claw Master Training |
| 9:52 | Druid of the Claw |
| 10:40 | Druid of the Claw |
| 10:44 | Frost Arrows |
| 10:55 | Thorns Aura |
| 10:58 | Druid of the Claw |
| Right click | 698 |
| Select | 377 |
| Select group | 321 |
| Assign group | 77 |
| Build/train/purchase | 55 |
| Use ability | 17 |
| Resource trade | 9 |
| Minimap ping | 6 |
| Misc. action | 1 |
| Item give/drop | 1 |
| Remove unit | 1 |
39 units @ 5.2k
/ 0.5k
22 buildings @ 3.6k
/ 1.4k


| Potion of Lesser Invulnerability | 1 | 150 |
| total: | 1 | 150g |
| Wisp | 14 | 840 | / | 0 |
| Huntress | 10 | 1950 | / | 200 |
| total: | 24 | 2790g | / | 200w |
| Altar of Elders | 1 | 180 | / | 50 |
| Moon Well | 4 | 720 | / | 160 |
| Hunter's Hall | 1 | 210 | / | 100 |
| Ancient of War | 2 | 300 | / | 120 |
| Ancient of Wonders | 1 | 90 | / | 30 |
| Ancient of Lore | 3 | 465 | / | 435 |
| Tree of Ages | 1 | 320 | / | 180 |
| Tree of Eternity | 1 | 330 | / | 200 |
| total: | 12 | 1965g | / | 895w |
| 0:02 | Wisp |
| 0:02 | Wisp |
| 0:03 | Wisp |
| 0:07 | Altar of Elders |
| 0:18 | Moon Well |
| 0:24 | Wisp |
| 0:34 | Wisp |
| 0:59 | Wisp |
| 1:06 | Wisp |
| 1:16 | Wisp |
| 1:33 | Hunter's Hall |
| 1:38 | Wisp |
| 1:48 | Ancient of War |
| 1:51 | Wisp |
| 2:01 | Moon Well |
| 2:03 | Wisp |
| 2:16 | Entangling Roots |
| 2:23 | Wisp |
| 2:25 | Ancient of War |
| 2:41 | Wisp |
| 3:02 | Huntress |
| 3:21 | Huntress |
| 3:22 | Tree of Ages |
| 3:38 | Huntress |
| 3:56 | Huntress |
| 4:13 | Moon Well |
| 4:27 | Ultravision |
| 4:37 | Ancient of Wonders |
| 4:42 | Force of Nature |
| 5:15 | Huntress |
| 5:16 | Huntress |
| 6:00 | Healing Spray |
| 6:09 | Ancient of Lore |
| 6:39 | Huntress |
| 6:40 | Huntress |
| 7:13 | Ancient of Lore |
| 7:16 | Ancient of Lore |
| 7:18 | Wisp |
| 7:30 | Huntress |
| 7:55 | Huntress |
| 7:57 | Moon Glaive |
| 8:40 | Tree of Eternity |
| 8:49 | Force of Nature |
| 9:03 | Potion of Lesser Invulnerability |
| 9:06 | Druid of the Claw Adept Training |
| 9:09 | Abolish Magic |
| 9:12 | Moon Well |
| 9:18 | Acid Bomb |
| Right click | 570 |
| Select | 344 |
| Select group | 161 |
| Misc. action | 131 |
| Build/train/purchase | 45 |
| Chat | 38 |
| Use ability | 25 |
| Assign group | 10 |
| Esc | 3 |
| Minimap ping | 2 |
| Item give/drop | 1 |


| Rod of Necromancy | 2 | 300 |
| Orb of Corruption | 1 | 375 |
| Scroll of Town Portal | 1 | 350 |
| total: | 4 | 1025g |
| Acolyte | 3 | 225 | / | 0 |
| Ghoul | 4 | 480 | / | 0 |
| Crypt Fiend | 6 | 1290 | / | 240 |
| Obsidian Statue | 2 | 400 | / | 70 |
| total: | 15 | 2395g | / | 310w |
| Crypt | 1 | 200 | / | 50 |
| Graveyard | 1 | 215 | / | 0 |
| Altar of Darkness | 1 | 180 | / | 50 |
| Ziggurat | 5 | 750 | / | 250 |
| Tomb of Relics | 1 | 130 | / | 30 |
| Slaughterhouse | 1 | 140 | / | 135 |
| Halls of the Dead | 1 | 320 | / | 210 |
| Black Citadel | 1 | 325 | / | 230 |
| total: | 10 | 1615g | / | 515w |
| 0:08 | Crypt |
| 0:09 | Graveyard |
| 0:11 | Acolyte |
| 0:11 | Acolyte |
| 0:21 | Acolyte |
| 0:44 | Altar of Darkness |
| 1:00 | Ziggurat |
| 1:13 | Ghoul |
| 1:13 | Ghoul |
| 1:26 | Tomb of Relics |
| 1:51 | Crypt Fiend |
| 2:09 | Crypt Fiend |
| 2:25 | Ziggurat |
| 2:46 | Death Coil |
| 2:52 | Rod of Necromancy |
| 3:20 | Crypt Fiend |
| 3:58 | Ghoul |
| 4:00 | Halls of the Dead |
| 4:01 | Ghoul |
| 4:29 | Ziggurat |
| 4:35 | Unholy Aura |
| 4:45 | Crypt Fiend |
| 5:29 | Crypt Fiend |
| 5:29 | Crypt Fiend |
| 5:31 | Ziggurat |
| 5:44 | Rod of Necromancy |
| 7:15 | Black Citadel |
| 7:29 | Frost Nova |
| 7:39 | Slaughterhouse |
| 7:51 | Web |
| 8:40 | Scroll of Town Portal |
| 9:07 | Obsidian Statue |
| 9:07 | Obsidian Statue |
| 9:15 | Ziggurat |
| 9:38 | Destroyer Form |
| 9:51 | Orb of Corruption |
| Right click | 517 |
| Select group | 288 |
| Select | 136 |
| Build/train/purchase | 40 |
| Assign group | 14 |
| Misc. action | 12 |
| Use ability | 9 |
| Item give/drop | 3 |
| Remove unit | 1 |
| Esc | 1 |
โ